Map: Emerald City LE

Players

Massa

  • Race: Terran Terran
  • League: Gold
  • Spawn Location: 5:00

qqq

  • Race: Zerg Zerg
  • League: Platinum
  • Spawn Location: 5:00

zeroKelvin

  • Race: Protoss Protoss
  • Spawn Location: 11:00

riddle

  • Race: Terran Terran
  • Spawn Location: 11:00

VOD

Have the link to the VOD?

Description

Time

  • Played on: Aug. 28, 2020, 7:40 a.m.
  • Length: 10:07
Show
View Real Time Build Order
Export as new Build Order

Massa Terran 

Build Orders:  

Get SALT Encoding   

  12  0:02  SCV  
  13  0:14  SCV  
  13  0:20  Supply Depot  
  14  0:26  SCV  
  15  0:41  SCV  
  15  0:42  Barracks  
  16  0:49  Refinery  
  16  0:53  SCV  
  17  1:05  SCV  
  17  1:17  SCV  
  18  1:29  SCV  
  19  1:34  Barracks  
  19  1:35  Reaper  
  20  1:41  Supply Depot  
  20  1:45  Orbital Command  
  20  2:22  SCV  
  21  2:25  Command Center  
  21  2:39  SCV  
  22  2:45  Barracks Tech Lab  
  22  2:46  Marine  
  23  2:51  SCV  
  23  2:55  Factory  
  24  3:01  Barracks  
  24  3:04  SCV, Marine, Engineering Bay  
  26  3:11  Stimpack  
  26  3:22  Marine  
  26  3:27  Marauder  
  26  3:34  SCV  
  29  3:38  SCV  
  29  3:39  Marine  
  31  3:46  SCV  
  32  3:49  Factory Tech Lab, Marauder  
  32  3:50  SCV  
  35  3:56  Refinery  
  35  3:57  Marine  
  35  3:58  SCV  
  35  4:00  Starport  
  37  4:06  Missile Turret  
  37  4:10  Marauder  
  37  4:13  Marine  
  37  4:15  Marine  
  41  4:24  Orbital Command  
  41  4:34  Barracks Reactor  
  41  4:40  Refinery  
  41  4:45  Supply Depot  
  41  4:52  Concussive Shells  
  41  5:08  Marauder, Marine, Supply Depot  
  43  5:25  Marine  
  44  5:29  Marauder  
  44  5:32  Widow Mine  
  48  5:42  SCV x2  
  51  5:51  Marauder  
  51  5:53  Siege Tank  
  51  5:54  Barracks Reactor, SCV x2  
  51  5:55  Marine x2  
  59  6:06  SCV x2  
  59  6:11  Supply Depot  
  61  6:13  Marine  
  62  6:20  Supply Depot  
  62  6:23  Combat Shield  
  62  6:32  Marine x2, Medivac  
  64  6:33  Widow Mine, SCV x2  
  64  6:39  Missile Turret  
  70  6:42  Marauder  
  70  6:43  Supply Depot  
  70  6:45  SCV x2  
  74  6:50  Marine x2  
  76  6:56  Marine x2  
  78  7:05  Marauder, Medivac  
  78  7:06  Supply Depot  
  78  7:08  Marine x2  
  84  7:13  Marine  
  84  7:14  Marine  
  86  7:27  Marine  
  86  7:28  Marauder  
  89  7:39  Terran Infantry Weapons Level 1  
  89  7:45  Command Center, Supply Depot  
  89  7:47  Supply Depot  
  89  7:49  Marauder, Marine, Supply Depot  
  89  7:50  Marine x2  
  94  7:51  Supply Depot  
  94  7:52  Supply Depot  
  94  8:00  Barracks  
  94  8:07  Marine x2  
  94  8:08  Marine x2  
  94  8:11  Marauder  
  100  8:13  Supply Depot  
  100  8:17  Supply Depot  
  90  8:30  Marine x4  
  90  8:32  Marauder  
  90  8:34  Siege Tank  
  99  8:40  SCV x2  
  101  8:46  Armory  
  101  8:48  Marine x2  
  102  8:54  Marauder  
  105  9:00  Viking  
  107  9:15  Marauder  
  107  9:16  Widow Mine  
  109  9:30  Viking  
  102  9:36  Marauder  
  102  9:37  Widow Mine  
Show
View Real Time Build Order
Export as new Build Order

qqq Zerg 

Build Orders: Hatch First 

Get SALT Encoding   

  12  0:01  Drone  
  13  0:09  Drone  
  14  0:37  Hatchery  
  13  0:52  Spawning Pool  
  12  0:59  Drone  
  12  1:02  Drone  
  14  1:13  Overlord  
  14  1:17  Extractor  
  13  1:19  Drone  
  14  1:31  Drone  
  15  1:39  Queen  
  15  1:42  Drone  
  18  2:01  Drone  
  19  2:02  Drone  
  20  2:10  Drone x2  
  21  2:24  Queen  
  21  2:25  Drone x2  
  21  2:28  Metabolic Boost  
  25  2:38  Drone  
  25  2:39  Drone, Zergling x2  
  25  2:42  Overlord  
  28  2:48  Overlord  
  28  2:57  Overlord  
  28  3:03  Drone  
  28  3:04  Zergling x4  
  28  3:05  Zergling x2  
  32  3:13  Zergling x2  
  32  3:16  Drone  
  34  3:25  Roach Warren  
  34  3:26  Zergling x2  
  34  3:27  Drone  
  34  3:28  Drone  
  34  3:31  Drone  
  37  3:36  Drone x3  
  37  3:40  Zergling x2  
  41  3:49  Lair  
  41  3:53  Zergling x2  
  41  3:54  Zergling x4  
  44  3:57  Drone  
  44  3:58  Drone  
  46  4:10  Roach x3  
  46  4:13  Overlord  
  50  4:25  Overlord  
  50  4:28  Drone  
  51  4:38  Roach x2  
  55  4:45  Hatchery  
  54  5:03  Roach x3  
  53  5:15  Roach  
  53  5:16  Drone x5  
  60  5:29  Glial Reconstitution  
  60  5:36  Overlord  
  60  5:37  Overlord x2  
  60  5:45  Overlord  
  60  5:46  Overlord  
  60  5:48  Hatchery  
  59  5:54  Queen  
  61  5:59  Hatchery  
  60  6:09  Roach x3  
  60  6:10  Roach  
  68  6:12  Drone x2  
  68  6:14  Roach x3  
  76  6:22  Drone  
  76  6:23  Roach  
  79  6:32  Evolution Chamber  
  78  6:33  Drone x4  
  78  6:35  Extractor  
  78  6:39  Spore Crawler  
  79  6:49  Drone x2, Spine Crawler  
  79  6:50  Drone x2  
  79  6:51  Drone  
  83  7:09  Zergling x2  
  83  7:10  Zerg Melee Weapons Level 1  
  84  7:23  Drone x3  
  84  7:24  Drone x4  
  84  7:26  Extractor  
  84  7:28  Extractor  
  89  7:30  Infestation Pit  
  89  7:31  Zergling x14  
  89  7:33  Drone x3  
  89  7:34  Drone x4  
  89  7:35  Overlord  
  102  7:41  Queen  
  102  7:44  Queen x2  
  104  7:46  Drone  
  109  7:51  Spine Crawler  
  109  7:56  Drone x3  
  109  7:57  Drone x2  
  113  7:58  Spine Crawler  
  112  8:09  Hydralisk Den  
  112  8:10  Hive  
  112  8:11  Drone x2  
  112  8:12  Zergling x2  
  114  8:13  Zergling x4  
  114  8:15  Drone x2  
  114  8:16  Drone  
  117  8:50  Zergling x2  
  117  8:51  Zergling x10  
  118  9:02  Spire  
  111  9:09  Hatchery  
  110  9:13  Drone  
  110  9:14  Drone x2  
  113  9:22  Hydralisk x2  
  118  9:24  Zergling x2  
  109  9:45  Zergling x2  
  109  9:46  Zergling x14  
  109  9:48  Drone x7  
  109  9:49  Drone  
  109  9:51  Extractor x2  
Show
View Real Time Build Order
Export as new Build Order

zeroKelvin Protoss 

Build Orders: 1 Gate Expand, Carriers 

Get SALT Encoding   

  12  0:00  Probe  
  13  0:13  Probe  
  14  0:21  Pylon  
  14  0:25  Probe  
  15  0:39  Gateway  
  15  0:40  Probe (Chrono Boost)  
  17  0:50  Probe (Chrono Boost)  
  17  0:55  Probe (Chrono Boost)  
  17  0:56  Assimilator  
  18  1:09  Probe  
  18  1:29  Nexus  
  18  1:36  Cybernetics Core  
  18  1:45  Pylon  
  18  1:48  Probe  
  19  2:06  Gateway  
  19  2:14  Probe  
  20  2:16  Warp Gate  
  20  2:18  Adept  
  20  2:20  Shield Battery  
  22  2:25  Pylon  
  22  2:28  Probe  
  23  2:40  Probe  
  24  2:47  Adept  
  26  2:58  Probe  
  27  3:02  Probe  
  27  3:03  Adept  
  30  3:07  Assimilator  
  30  3:10  Probe  
  31  3:14  Probe  
  31  3:15  Shield Battery  
  31  3:19  Assimilator  
  32  3:22  Probe  
  32  3:26  Probe  
  34  3:38  Adept x2  
  34  3:39  Forge  
  34  3:40  Probe  
  39  3:42  Probe  
  40  3:52  Probe  
  40  3:54  Probe  
  42  4:00  Stargate  
  42  4:05  Probe  
  43  4:38  Stargate  
  43  4:39  Pylon  
  43  4:44  Assimilator  
  43  4:45  Protoss Shields Level 1  
  33  5:27  Fleet Beacon  
  33  5:29  Probe x2  
  35  5:41  Protoss Air Weapons Level 1 (Chrono Boost)  
  35  5:46  Photon Cannon  
  35  5:47  Photon Cannon  
  35  5:49  Photon Cannon  
  35  5:51  Gateway  
  35  5:55  Zealot x2  
  39  6:07  Carrier x2 (Chrono Boost)  
  51  6:17  Zealot x2  
  55  6:22  Probe x2  
  57  6:42  Nexus  
  57  6:44  Pylon  
  57  7:00  Carrier x2 (Chrono Boost), Pylon  
  69  7:26  Protoss Air Weapons Level 2 (Chrono Boost)  
  69  7:31  Photon Cannon  
  69  7:32  Shield Battery  
  69  7:34  Shield Battery  
  69  7:36  Zealot  
  71  7:37  Zealot  
  71  7:39  Sentry  
  81  8:01  Carrier (Chrono Boost)  
  81  8:08  Carrier (Chrono Boost)  
  87  8:26  Assimilator  
  87  8:27  Probe x2  
  88  8:30  Probe  
  88  8:31  Assimilator  
  90  8:39  Probe x2  
  92  8:42  Probe, Pylon  
  99  9:24  Pylon  
  99  9:28  Photon Cannon  
Show
View Real Time Build Order
Export as new Build Order

riddle Terran 

Build Orders: 2 Factory, Gas First Reaper Expand, Hellion Opening 

Get SALT Encoding   

  12  0:00  SCV  
  13  0:12  SCV  
  14  0:18  Supply Depot  
  14  0:24  SCV  
  15  0:28  Refinery  
  15  0:40  SCV  
  16  0:46  Barracks  
  16  0:53  SCV  
  17  1:05  SCV  
  18  1:17  SCV  
  19  1:32  Orbital Command  
  19  1:34  Reaper  
  20  1:43  Command Center  
  20  1:58  SCV  
  21  2:06  Barracks Reactor  
  21  2:11  SCV  
  22  2:15  Refinery  
  22  2:22  Factory  
  22  2:26  Supply Depot  
  21  2:42  SCV  
  22  2:51  Barracks Tech Lab  
  22  2:56  SCV, Orbital Command  
  23  3:07  Factory  
  23  3:14  Hellion x2  
  23  3:16  SCV  
  23  3:19  Barracks Tech Lab  
  28  3:27  SCV  
  29  3:35  Hellion  
  29  3:36  Hellion  
  33  3:41  SCV  
  33  3:42  SCV  
  35  3:50  Supply Depot  
  35  3:53  Factory  
  35  3:58  Hellion x2  
  35  4:01  Barracks Tech Lab  
  39  4:04  Mag-Field Accelerator  
  39  4:05  Cyclone  
  42  4:29  Hellion x2  
  46  4:43  SCV x2  
  48  4:46  Refinery  
  48  4:47  Refinery  
  48  4:49  Cyclone x2  
  54  5:27  Infernal Pre-Igniter  
  54  5:41  Supply Depot  
  54  5:42  Supply Depot  
  54  5:50  Armory x2  
  54  6:03  SCV x2, Hellion x2, Cyclone  
  63  6:08  Supply Depot  
  63  6:09  Command Center, Supply Depot  
  63  6:15  SCV x2  
  68  6:25  Cyclone  
  68  6:26  Hellion  
  68  6:30  SCV x2, Hellion  
  74  6:33  Supply Depot  
  74  6:34  Supply Depot  
  74  6:41  Cyclone  
  74  6:42  SCV x2  
  74  6:44  Terran Vehicle And Ship Armor Level 1, Terran Vehicle Weapons Level 1  
  79  6:54  SCV  
  78  7:03  SCV  
  78  7:06  SCV  
  80  7:10  Supply Depot  
  80  7:12  Supply Depot  
  81  7:15  SCV  
  81  7:21  Orbital Command, Factory  
  81  7:22  Factory  
  81  7:25  SCV  
  82  7:32  Supply Depot  
  82  7:35  Supply Depot  
  82  7:41  Cyclone x2  
  82  7:42  Refinery, Hellion  
  82  7:43  Hellion  
  92  7:44  Refinery  
  92  7:45  Orbital Command  
  92  7:55  SCV x2  
  94  8:00  Supply Depot  
  94  8:02  Supply Depot  
  94  8:06  Factory Tech Lab x2  
  90  8:37  SCV x2  
  90  8:38  SCV  
  93  8:49  SCV  
  93  8:50  SCV x2  
  96  9:08  Siege Tank  
  96  9:09  Siege Tank x3  
  108  9:10  Hellion x2  
Tags
 
Add a new tag
Caveats
  • Supply blocks, unpowered buildings, or Contaminate may cause inaccurate times.
  • Supply counts are checked every 10 seconds.